AoeStats
← no one

Arena

507823631Analyzed
2v2 RM · 13d ago on Sep 19, 2026· 40m 42s· 4 players
Game mode
Random Map
Map size
Medium (4 player)
Population
200
Speed
Normal
Resources
Standard
Victory
Conquest
Starting age
Dark Age
Ending age
Imperial Age
RankedLock teamsTeams togetherTeam positionsShared explorationLock speedFull tech treeHidden civsTurbo modeCheats
Victory
Defeat
🇦🇷 Mongols · Argentina
1265
+18
🇫🇷 Sicilians · France
1225
+20
🇺🇸 Wu · United States
1319
-19
🇺🇸 Wei · United States
1306
-19
no one
10:05 Feudal Age
14:00 Castle Age
12:23 Double-Bit Axe
13:31 Fletching
20:49 Bodkin Arrow
22:49 Town Watch
22:52 Loom
28:10 Wheelbarrow
32:50 Imperial Age
32:13 Gold Mining
32:44 Padded Archer Armor
33:00 Bow Saw
34:33 Chemistry
33:47 Bracer
34:25 Ballistics
34:33 Conscription
36:44 Scale Barding Armor
36:21 Heavy Camel Rider
37:12 Bloodlines
37:02 Husbandry
39:55 Chain Barding Armor
40:14 Husbandry
dorshiffe10
6:03 Loom
29:42 Feudal Age
30:14 Double-Bit Axe
30:11 Horse Collar
31:32 Gold Mining
33:59 Castle Age
33:04 Stone Mining
33:13 Fletching
33:29 Scale Mail Armor
33:40 Forging
35:37 Chain Mail Armor
34:50 Pikeman
36:18 Squires
36:58 Bow Saw
40:32 Wheelbarrow
Arrowhead
11:20 Feudal Age
15:19 Castle Age
14:09 Horse Collar
14:23 Double-Bit Axe
16:02 Loom
17:45 Wheelbarrow
17:34 Scale Barding Armor
21:18 Bow Saw
23:05 Fletching
23:24 Town Watch
24:11 Bloodlines
30:02 Imperial Age
28:34 Chain Barding Armor
29:02 Forging
29:14 Husbandry
30:19 Hand Cart
29:59 Gold Mining
31:20 Conscription
32:43 Bodkin Arrow
34:45 Iron Casting
34:36 Bracer
35:16 Padded Archer Armor
34:59 Elite Skirmisher
36:55 Ballistics
39:24 Chemistry
38:54 Leather Archer Armor
38:53 Light Cavalry
40:06 Ring Archer Armor
40:37 Blast Furnace
hawkeyejnm
9:06 Feudal Age
7:24 Loom
9:10 Feudal Age
10:14 Double-Bit Axe
Connection lost

Rejoining the realm…

Still unreachable

The connection could not be restored.

Session expired

The server has moved on; the page needs a fresh start.